 Dungeon Crawl Stone Soup version 0.24-a0-422-g9eff3895ba (webtiles) character file.

Game seed: 17194448828182351468

21989 Azzok the Severer (level 13, 0/86 HPs)
             Began as a Formicid Fighter on June 12, 2019.
             Was the Champion of Okawaru.
             Slain by a death yak (6 damage)
             ... on level 6 of the Lair of Beasts.
             The game lasted 00:24:34 (12020 turns).

Azzok the Severer (Formicid Fighter)               Turns: 12020, Time: 00:24:35

Health: 0/86       AC: 13    Str: 31    XL:     13   Next: 24%
Magic:  17/20      EV: 11    Int:  8    God:    Okawaru [******]
Gold:   686        SH:  0    Dex: 13    Spells: 12/12 levels left

rFire    + . .     SeeInvis +   a - +0 broad axe (freeze)
rCold    . . .     Gourm    .   c - +1 shield
rNeg     . . .     Faith    .   l - +0 chain mail
rPois    .         Spirit   .   (helmet unavailable)
rElec    .         Reflect  .   L - +0 cloak
rCorr    .         Harm     .   s - +0 pair of gloves {Dex+3}
MR       +....                  (no boots)
Stlth    ..........             e - amulet of regeneration
HPRegen  0.64/turn              h - ring of fire
MPRegen  0.17/turn              u - ring of protection from cold

@: confused, mighty, heroism, finesse
A: permanent stasis, dig shafts and tunnels, four strong arms, antennae 3
a: Dig, Shaft Self, Heroism, Finesse, Renounce Religion


You were on level 6 of the Lair of Beasts.
You worshipped Okawaru.
Okawaru was exalted by your worship.
You were not hungry.

You visited 3 branches of the dungeon, and saw 16 of its levels.
You also visited: Ossuary.

You collected 686 gold pieces.

Inventory:

Hand Weapons
 a - a +0 broad axe of freezing (weapon)
 b - a +5 hand axe of flaming
 F - the +8 long sword "Moume" {venom, +Blink rF+ Dex-3, unknown}
   (You found it on level 2 of the Lair of Beasts)

   It poisons the flesh of those it strikes.
   It affects your dexterity (-3).
   It protects you from fire.
   It lets you blink.
 N - a +2 whip of electrocution
Missiles
 E - a throwing net (quivered)
Armour
 c - a +1 shield (worn)
 l - a +0 chain mail (worn)
 s - a +0 pair of gloves of dexterity (worn)
 L - a +0 cloak (worn)
Jewellery
 e - an amulet of regeneration (around neck)
 h - a ring of fire (left hand)
 k - an uncursed ring of resist corrosion
 u - a ring of protection from cold (right hand)
 G - an uncursed ring of positive energy
Wands
 m - a wand of acid (11)
 p - a wand of polymorph (9)
 v - a wand of flame (22)
 H - a wand of digging (4)
Scrolls
 n - 2 scrolls of enchant armour
 o - a scroll of magic mapping
 q - 2 scrolls of fear
 r - a scroll of brand weapon
 t - a scroll of enchant weapon {unknown}
 y - 7 scrolls of remove curse
 B - a scroll of vulnerability {unknown}
 D - a scroll of fog {unknown}
Potions
 d - 6 potions of curing
 g - a potion of magic {unknown}
 i - 4 potions of lignification {unknown}
 j - 4 potions of berserk rage {unknown}
 w - 3 potions of agility
 x - 2 potions of cancellation
 z - a potion of invisibility
 A - 2 potions of might
 C - 2 potions of mutation {!q}
 I - a potion of heal wounds {unknown}
 K - a potion of resistance
 M - a potion of ambrosia
Miscellaneous
 Q - a sack of spiders
Comestibles
 f - 25 rations
 J - 6 chunks of flesh


   Skills:
 - Level 3.2(8.2) Fighting
 + Level 15.3(20.3) Axes
 - Level 3.2(8.2) Armour
 - Level 9.0(14.0) Shields
 - Level 10.0 Invocations
 + Level 9.9 Evocations


You had 12 spell levels left.
You didn't know any spells.
Your spell library contained the following spells:

 Spells                   Type           Power        Failure   Level  Hunger
 Animate Skeleton         Necr           N/A          87%         1    ##.....
 Apportation              Tloc           #.....       87%         1    ##.....
 Confusing Touch          Hex            #.....       87%         1    ##.....
 Infusion                 Chrm           #...         87%         1    ##.....
 Summon Small Mammal      Summ           #...         87%         1    ##.....
 Shroud of Golubria       Chrm/Tloc      #.....       95%         2    ###....
 Song of Slaying          Chrm           #.......     95%         2    ###....
 Regeneration             Chrm/Necr      #.........   99%         3    ####...
 Spectral Weapon          Hex/Chrm       #.......     99%         3    ####...


Dungeon Overview and Level Annotations

Branches:
Dungeon (11/15)            Temple (1/1) D:5            Lair (3/6) D:8
    Orc (0/2) D:10
  Swamp: Lair:2-4    Shoals: Lair:2-4     Snake: Lair:2-4    Spider: Lair:2-4

Altars:
Ashenzari
Cheibriados
Dithmenos
Elyvilon
Fedhas
Gozag
Hepliaklqana
Kikubaaqudgha
Makhleb
Nemelex Xobeh
Okawaru
Qazlal
Ru
Sif Muna
Trog
Uskayaw
Vehumet
Wu Jian
Xom
Yredelemnul
Zin
The Shining One

Shops:
D:11 (

Annotations:
D:5 2 transporters, Tenar's ghost, novice GrFE
D:9 2 transporters
Lair:2 1 runed translucent door, conein's ghost, journeyman NaWr


Innate Abilities, Weirdness & Mutations

You cannot be hasted, slowed, berserked, paralysed or teleported.
You can dig through walls and to a lower floor.
Your four strong arms can wield two-handed weapons with a shield.
You have a pair of large antennae on your head. (SInv)


Message History

You kill the death yak!
Okawaru accepts your kill.
You slice the death yak!! You freeze the death yak!
The death yak is moderately wounded.
The death yak gores you!!
* * * LOW HITPOINT WARNING * * *
You hit the death yak. You freeze the death yak.
The death yak is heavily wounded.
You completely miss the death yak.
The death yak is heavily wounded.
You hit the death yak. You freeze the death yak.
The death yak is heavily wounded.
The death yak gores you!
* * * LOW HITPOINT WARNING * * *
You barely miss the death yak.
The death yak is heavily wounded.
A rime drake comes into view.
You are confused.
You feel invigorated. The death yak gores you.
You die...

▒▒·····Y··········
▒▒···{{·{Y·Y···Y··(
▒▒
▒····▒··▒···Y······
▒·▒
▒·P··▒··▒▒▒········
▒·▒▒▒▒Y·▒▒▒▒
▒▒·······
▒·▒▒···▒·▒▒▒ ▒···P···
▒·▒▒··÷···▒ ▒▒······
▒·▒▒▒▒Y·▒▒ ▒▒▒▒···
▒@▒▒▒··▒▒ ░◦···
▒▒Y▒▒···▒ ░░◦◦◦
▒▒S▒··▒▒ ░░◦◦◦
▒▒▒▒t···▒▒ ░◦◦◦◦
▒··S·····▒▒ ░░◦◦◦
▒···?····S▒▒▒▒░◦◦◦◦
░░▒············▒◦◦◦◦◦
▒········k···▒··≈◦≈≈≈
▒P·············▒░≈≈◦░


You could see a death yak, a rime drake, 2 water moccasins and a crocodile.

Vanquished Creatures
  Snorg (D:10)
  4 hydras
  2 two-headed ogres
  4 death yaks (Lair:6)
  Nergalle (Lair:2)
  Joseph (D:7)
  A gargoyle (D:10)
  4 spiny frogs
  A komodo dragon (Lair:6)
  A rime drake (Lair:6)
  3 hippogriffs
  2 dream sheep (D:8)
  A shadow (D:7)
  A vampire (D:10)
  A wraith (D:11)
  Sigmund (D:2)
  A wyvern (D:9)
  A steam dragon (D:11)
  11 yaks
  A hungry ghost (D:7)
  3 water moccasins (Lair:1)
  Duvessa (D:5)
  5 porcupines
  An orc warrior (D:11)
  4 ice beasts
  2 phantoms (D:9)
  3 sky beasts
  5 black bears
  An eye of draining (D:9)
  6 ogres
  11 centaurs
  5 crocodiles
  6 big kobolds
  10 bullfrogs
  Dowan (D:5)
  A water moccasin zombie (D:10)
  2 scorpions
  11 killer bees
  4 wights (D:10)
  A howler monkey (D:8)
  4 crimson imps
  A centaur zombie (D:9)
  6 jellies
  A bullfrog zombie (D:11)
  3 centaur skeletons
  3 orc priests
  Crazy Yiuf (D:7)
  A hound (D:7)
  2 gnoll shamans
  Ijyb (D:3)
  Natasha (twice) (D:2)
  3 iguanas (D:9)
  11 orc wizards
  11 worker ants
  2 human simulacra (D:11)
  12 mummies (Ossuary)
  A worker ant zombie (D:10)
  3 howler monkey skeletons
  8 adders
  14 gnolls
  A shadow imp (D:11)
  8 oozes
  An adder skeleton (D:8)
  2 worms
  A dart slug (D:3)
  4 leopard geckos
  23 orcs
  8 bats
  4 giant cockroaches
  2 gnoll zombies (D:4)
  3 goblins
  7 hobgoblins
  5 jackals
  13 kobolds
  2 quokkas
  3 ball pythons
  7 frilled lizards
  2 giant cockroach zombies (D:5)
  2 goblin skeletons (Ossuary)
  3 kobold skeletons (Ossuary)
  3 orc skeletons (Ossuary)
  A quokka skeleton (D:9)
  A quokka zombie (D:10)
  4 rats
  11 rat skeletons (Ossuary)
  5 fungi
342 creatures vanquished.

Vanquished Creatures (others)
  An unseen horror (D:11)
  5 dream sheep (D:8)
  A wraith (D:11)
  29 fungi
  10 plants
46 creatures vanquished.

Grand Total: 388 creatures vanquished

Notes
Turn   | Place    | Note
-------+----------+-------------------------------------------
     0 | D:1      | Azzok the Formicid Fighter began the quest for the Orb.
     0 | D:1      | Reached XP level 1. HP: 18/18 MP: 1/1
   266 | D:1      | Reached XP level 2. HP: 24/24 MP: 2/2
   632 | D:1      | Reached XP level 3. HP: 23/29 MP: 3/3
   906 | D:2      | Found a blossoming altar of Fedhas.
   932 | D:2      | Reached skill level 3 in Axes
   944 | D:2      | Reached XP level 4. HP: 34/35 MP: 4/4
   965 | D:2      | Found a shadowy altar of Dithmenos.
   995 | D:2      | Found a white marble altar of Elyvilon.
  1019 | D:2      | Noticed Natasha
  1040 | D:2      | Killed Natasha
  1040 | D:2      | Reached skill level 5 in Shields
  1068 | D:2      | Noticed Sigmund
  1080 | D:2      | Killed Sigmund
  1080 | D:2      | Reached skill level 4 in Axes
  1080 | D:2      | Reached XP level 5. HP: 32/41 MP: 5/5
  1080 | D:2      | Reached XP level 6. HP: 37/47 MP: 6/6
  1227 | D:2      | Found an opulent altar of Gozag.
  1294 | D:2      | Noticed Natasha
  1306 | D:2      | Killed Natasha
  1450 | D:2      | Became a worshipper of Elyvilon the Healer
  1530 | D:3      | Noticed Ijyb
  1540 | D:3      | Killed Ijyb
  1716 | D:3      | Noticed an ice beast
  1730 | D:3      | Killed an ice beast
  1730 | D:3      | Reached skill level 5 in Axes
  1730 | D:3      | Reached XP level 7. HP: 37/52 MP: 7/7
  1846 | D:3      | Found a hazy altar of Hepliaklqana.
  1876 | D:3      | You fall into a shaft and drop 2 floors!
  1876 | D:5      | Entered Level 5 of the Dungeon
  1876 | D:5      | Found a staircase to the Ecumenical Temple.
  1878 | D:5      | Reached * piety under Elyvilon
  1890 | Temple   | Entered the Ecumenical Temple
  1950 | Temple   | Fell from the grace of Elyvilon
  1950 | Temple   | Became a worshipper of Warmaster Okawaru
  1984 | D:5      | Found a transporter.
  1988 | D:5      | Found a transporter.
  1988 | D:5      | Noticed Tenar's ghost (novice GrFE)
  2088 | D:5      | Reached skill level 1 in Invocations
  2301 | D:4      | Found a sand-covered staircase.
  2319 | Ossuary  | Entered an ossuary
  2530 | Ossuary  | Reached XP level 8. HP: 58/58 MP: 9/9
  2632 | Ossuary  | Reached * piety under Okawaru
  3160 | D:4      | Found a deep blue altar of Sif Muna.
  3261 | D:4      | Found a basalt altar of Yredelemnul.
  3361 | D:4      | Reached skill level 6 in Axes
  3488 | D:5      | Found a sacrificial altar of Ru.
  3955 | D:5      | Noticed Duvessa
  3955 | D:5      | Noticed Dowan
  3967 | D:5      | Killed Duvessa
  3967 | D:5      | Reached ** piety under Okawaru
  3975 | D:5      | Killed Dowan
  4072 | D:5      | Reached skill level 7 in Axes
  4072 | D:5      | Reached XP level 9. HP: 57/64 MP: 12/12
  4117 | D:5      | Reached skill level 5 in Invocations
  4447 | D:6      | Found a shadowy altar of Dithmenos.
  4826 | D:6      | Found a shattered altar of Ashenzari.
  4940 | D:6      | Found an ancient bone altar of Kikubaaqudgha.
  5438 | D:7      | Reached skill level 8 in Axes
  5464 | D:7      | Noticed Joseph
  5489 | D:7      | Killed Joseph
  5489 | D:7      | Reached *** piety under Okawaru
  5703 | D:7      | Found a runed translucent door.
  5704 | D:7      | Noticed Crazy Yiuf
  5710 | D:7      | Killed Crazy Yiuf
  6174 | D:7      | Reached XP level 10. HP: 37/70 MP: 16/16
  6281 | D:7      | Reached skill level 9 in Axes
  6489 | D:8      | Reached **** piety under Okawaru
  6590 | D:8      | Found a shimmering altar of Xom.
  6951 | D:8      | Reached skill level 10 in Axes
  6980 | D:8      | Found a staircase to the Lair.
  7067 | D:8      | Reached skill level 10 in Invocations
  7077 | D:8      | Found a radiant altar of Vehumet.
  7192 | D:8      | Got an encrusted dagger
  7193 | D:8      | Identified the +4 dagger of the Crawling Thing {flame,
                  | Stlth+} (You found it on level 8 of the Dungeon)
  7316 | D:8      | Noticed a two-headed hydra
  7319 | D:8      | Killed a one-headed hydra
  7319 | D:8      | Reached ***** piety under Okawaru
  7319 | D:8      | Reached skill level 11 in Axes
  7319 | D:8      | Reached XP level 11. HP: 75/75 MP: 18/18
  7578 | D:9      | Noticed a two-headed ogre
  7587 | D:9      | Killed a two-headed ogre
  7587 | D:9      | Reached skill level 12 in Axes
  7635 | D:9      | Found a transporter.
  7636 | D:9      | Noticed a death knight
  8021 | D:9      | Found a transporter.
  8039 | D:9      | Found a stormy altar of Qazlal.
  8043 | D:9      | Found a blossoming altar of Fedhas.
  8103 | D:9      | Reached skill level 13 in Axes
  8354 | D:9      | Reached skill level 1 in Evocations
  8594 | D:10     | Entered Level 10 of the Dungeon
  8719 | D:10     | Noticed Snorg
  8765 | D:10     | Killed Snorg
  8930 | D:10     | Received a gift from Okawaru
  8969 | D:10     | Found a staircase to the Orcish Mines.
  9427 | D:11     | Reached XP level 12. HP: 38/81 MP: 16/19
  9654 | D:11     | Reached skill level 5 in Evocations
  9791 | D:11     | Noticed a two-headed ogre
  9805 | D:11     | Killed a two-headed ogre
  9805 | D:11     | Reached skill level 14 in Axes
  9874 | D:11     | Found Untaufum's Antique Weapon Shop.
  9919 | D:11     | Noticed a six-headed hydra
  9926 | D:11     | Killed a one-headed hydra
  9970 | D:11     | Noticed an unseen horror
  9976 | D:11     | Killed an unseen horror
 10525 | Lair:1   | Entered Level 1 of the Lair of Beasts
 10753 | Lair:1   | Received a gift from Okawaru
 11028 | Lair:1   | Reached ****** piety under Okawaru
 11089 | Lair:1   | Noticed a six-headed hydra
 11103 | Lair:1   | Killed a one-headed hydra
 11570 | Lair:2   | Noticed a four-headed hydra
 11588 | Lair:2   | Killed a one-headed hydra
 11588 | Lair:2   | Received a gift from Okawaru
 11735 | Lair:2   | Got a brightly glowing long sword
 11745 | Lair:2   | Found a runed translucent door.
 11745 | Lair:2   | Noticed conein's ghost (journeyman NaWr)
 11764 | Lair:2   | Noticed Nergalle
 11773 | Lair:2   | Killed Nergalle
 11782 | Lair:2   | You fall into a shaft and drop 1 floor!
 11799 | Lair:3   | Reached XP level 13. HP: 82/86 MP: 20/20
 11825 | Lair:3   | You fall into a shaft and drop 3 floors!
 11825 | Lair:6   | Entered Level 6 of the Lair of Beasts
 11854 | Lair:6   | Reached skill level 15 in Axes
 12018 | Lair:6   | HP: 1/86 [death yak (15)]
 12020 | Lair:6   | Slain by a death yak

Levels and vault maps discovered:
D:1:      lightli_arrival_quake, layout_basic
D:2:      layout_basic, elyvilon_altar_5, old_standard_altar,
          grunt_gozag_breadcrumbs, st_stairs_5, fedhas_ov_isle_minmay,
          uniq_sigmund, uniq_natasha
D:3:      layout_loops_cross, old_standard_altar, uniq_ijyb
D:4:      layout_gridville, led_sif_pool, lemuel_zombie_altar_yredelemnul,
          nicolae_ossuary_entry_false_entrances
D:5:      layout_loops_ring, marbit_many_paths,
          minmay_temple_entry_statues_pillars, first_ration,
          gammafunk_ghost_arena, kennysheep_generic_room_4, uniq_duvessa
D:6:      layout_basic, kiku_gazebo_garden_becter,
          ashenzari_conservatory_becter, grunt_dithmenos_smoke_and_mirrors
D:7:      layout_cave_pods, uniq_joseph, uniq_crazy_yiuf_cottage
D:8:      layout_rooms, overflow_temple_1_default, due_lair_maze_entry_diamond,
          hangedman_ranch [blue_anna_fruit_fields], kb_xom_exploding_sheep
D:9:      gammafunk_the_bubble [the_bubble_gammafunk_grid], layout_basic,
          grunt_temple_overflow_forces_of_nature
D:10:     layout_cave_pools, orc_0_dummy, uniq_snorg
D:11:     layout_long_grid, serial_shops, shop, bh_circular_ruins
Temple:   compressed_dpeg_circular_temple
Lair:1:   layout_regular_city
Lair:2:   layout_big_grid, serial_forest, infiniplex_forest_lined_ring,
          infiniplex_forest_lined_4_way, infiniplex_forest_lined_2,
          infiniplex_forest_lined_ring, infiniplex_forest_lined_3,
          infiniplex_forest_end_double, infiniplex_forest_lined_2,
          hellmonk_ghost_happy_afterlife, uniq_nergalle
Lair:3:   layout_small_grid, minmay_snake_entry_guardpost_small
Lair:6:   gammafunk_lair_ancient_temple, layout_gridlike

Skill      XL: |  1  2  3  4  5  6  7  8  9 10 11 12 13 |
---------------+----------------------------------------+-----
Shields        | 4 6 7 9 |  9.0
Axes           | 3 4 5 7 8 11 13 14 15 | 15.3
Invocations    | 1 4 8 10 | 10.0
Evocations     | 4 8 9 |  9.9
Fighting       | |  3.2
Armour         | |  3.2

Action                   |  1- 3 |  4- 6 |  7- 9 | 10-12 | 13-15 || total
-------------------------+-------+-------+-------+-------+-------++-------
Melee: War axe           |    71 |   101 |   412 |   193 |       ||   777
       Dagger            |       |       |    13 |       |       ||    13
       Hand axe          |       |       |       |   156 |       ||   156
       Whip              |       |       |       |   224 |       ||   224
       Broad axe         |       |       |       |   159 |    59 ||   218
Invok: Heroism           |       |       |     3 |     6 |     2 ||    11
       Finesse           |       |       |       |     2 |     1 ||     3
Evoke: Sack of spiders   |       |       |       |     2 |       ||     2
       Wand              |       |       |       |       |     1 ||     1
  Use: Potion            |       |       |     1 |       |     2 ||     3
       Scroll            |       |       |     7 |    17 |     1 ||    25
 Stab: Distracted        |       |       |       |       |     1 ||     1
  Eat: Chunk             |       |     3 |    12 |    19 |     1 ||    35
       Ration            |       |       |     1 |       |       ||     1
Armor: Scale mail        |    29 |    23 |    47 |       |       ||    99
       Chain mail        |       |       |    40 |   223 |     9 ||   272
Dodge: Dodged            |    32 |    41 |   136 |   146 |     8 ||   363
Block: Shield            |    29 |    63 |   213 |   384 |    21 ||   710

Table legend:
 A = Non-vault XP
 B = Vault XP
 C = Vault XP percentage of total XP
 D = Non-vault monster count
 E = Vault monster count
 F = Vault count percentage of total count
                 A         B        C        D         E       F
            +---------+---------+-------+---------+---------+-------
      Total |   24702 |    6711 |  21.4 |     271 |      68 |  20.1
            +---------+---------+-------+---------+---------+-------
        D:1 |      48 |       0 |   0.0 |      21 |       0 |   0.0
        D:2 |      68 |     256 |  79.0 |      15 |       4 |  21.1
        D:3 |     158 |      36 |  18.6 |      12 |       1 |   7.7
        D:4 |      99 |       4 |   3.9 |      12 |       2 |  14.3
        D:5 |    1027 |     247 |  19.4 |      25 |       4 |  13.8
        D:6 |     198 |       0 |   0.0 |       2 |       0 |   0.0
        D:7 |    1166 |     629 |  35.0 |      19 |       4 |  17.4
        D:8 |    1036 |    3270 |  75.9 |      32 |      18 |  36.0
        D:9 |    3699 |       0 |   0.0 |      30 |       0 |   0.0
       D:10 |    2004 |    1202 |  37.5 |      42 |       1 |   2.3
       D:11 |    4675 |      43 |   0.9 |      32 |       2 |   5.9
     Lair:1 |    4322 |       0 |   0.0 |      19 |       0 |   0.0
     Lair:2 |    1338 |     792 |  37.2 |       2 |       1 |  33.3
     Lair:3 |     382 |       0 |   0.0 |       1 |       0 |   0.0
     Lair:6 |    4482 |       0 |   0.0 |       7 |       0 |   0.0
    Ossuary |       0 |     232 | 100.0 |       0 |      31 | 100.0
            +---------+---------+-------+---------+---------+-------
